 Dungeon Crawl Stone Soup version 0.31-a0-986-g5e6e4ef867 (webtiles) character file.

Game seed: 16670926777914409836

45 Maxmaps the Ruffian (level 3, -2/26 HPs)
             Began as an Octopode Shapeshifter on Nov 6, 2023.
             Slain by a gnoll
             ... wielding a +0 spear
              (8 damage)
             ... on level 2 of the Dungeon.
             The game lasted 00:00:49 (1110 turns).

Maxmaps the Ruffian (Octopode Shapeshifter)         Turns: 1110, Time: 00:00:49

Health: -2/26      AC:  1    Str: 13    XL:     3   Next: 64%
Magic:  3/3        EV: 13    Int: 14    God:
Gold:   71         SH:  0    Dex: 11    Spells: 2/2 levels left

rFire   . .          .
                       - Unarmed
rCold   . . .        (no shield)
rNeg    . . .        (helmet currently unavailable)
rPois   .            h - amulet of magic regeneration
rElec   .            (no ring)
rCorr   .            (no ring)
SInv    .            (no ring)
Will    .....        (no ring)
Stlth   +++          (no ring)
HPRegen 0.24/turn    (no ring)
MPRegen 0.48/turn    (no ring)
                     (no ring)

%: no passive effects
@: beast-form
A: beast (slay +1), almost no armour, amphibious, 8 rings, camouflage 1,
gelatinous body 1, (nimble swimmer 1), tentacles
a: Begin Untransformation


You were on level 2 of the Dungeon.
You were a hulking beast.
You visited 1 branch of the dungeon, and saw 2 of its levels.

You collected 71 gold pieces.

Inventory:

Jewellery
 h - an amulet of magic regeneration (around mantle)
 i - a +4 ring of protection
Talismans
 b - a beast talisman
 c - a flux talisman
Scrolls
 e - a scroll of brand weapon {unknown}
 f - a scroll of identify {unknown}
 j - a scroll of amnesia {unknown}
Potions
 a - a potion of lignification
 d - a potion of haste {unknown}
 g - a potion of heal wounds {unknown}


   Skills:
 - Level 3.0 Fighting
 - Level 2.0 Dodging
 + Level 2.0 Stealth
 - Level 3.0 Unarmed Combat
 - Level 3.0 Shapeshifting


You had 2 spell levels left.
You didn't know any spells.
Your spell library was empty.

Dungeon Overview and Level Annotations

Branches:
Dungeon (2/15)

Altars:


Innate Abilities, Weirdness & Mutations

You are a hulking beast.
Your limbs bulge with bestial killing power. (Slay +1)
You cannot wear most types of armour.
You are amphibious.
You can wear up to eight rings at the same time.
Your skin changes colour to match your surroundings (Stealth+).
Your rubbery body absorbs attacks. (AC +1, EV +1)
((You are camouflaged when in or above water. (Stealth+)))
You have tentacles for arms and can constrict up to eight enemies at once.


Message History

The gnoll is moderately wounded.
You constrict the gnoll. The gnoll closely misses you.
The gnoll barely misses you.
You tentacle-slap the gnoll.
You squeeze the gnoll, but do no damage.
The gnoll is moderately wounded.
You constrict the gnoll. The gnoll closely misses you.
The gnoll hits you from afar with a +0 spear.
You tentacle-slap the gnoll.
The gnoll is severely wounded.
You constrict the gnoll.
The gnoll hits you from afar with a +0 spear.
The gnoll hits you with a +0 spear.
You are too injured to fight recklessly!
You are too injured to fight recklessly!
You are too injured to fight recklessly!
You are too injured to fight recklessly!
You are too injured to fight recklessly!
You are too injured to fight recklessly!
You are too injured to fight recklessly!
You are too injured to fight recklessly!
You are too injured to fight recklessly!
You are too injured to fight recklessly!
You are too injured to fight recklessly!
You are too injured to fight recklessly!
You are too injured to fight recklessly!
You are too injured to fight recklessly!
You are too injured to fight recklessly!
You are too injured to fight recklessly!
You are too injured to fight recklessly!
You are too injured to fight recklessly!
You tentacle-slap the gnoll.
The gnoll is almost dead.
You constrict the gnoll. The gnoll hits you with a +0 spear!
* * * LOW HITPOINT WARNING * * *
The gnoll barely misses you.
You tentacle-slap the gnoll.
You kill the gnoll!
The gnoll hits you from afar with a +0 spear!
You die...

#.##.##....##
#.##.##.##.##
#.##.#...#...
######..........##
#.........#...###
#.##########.##
#.# #... #.# ####.
#h# # #)# #g# .g#
###


You could see 2 gnolls.

Vanquished Creatures
  2 gnolls (D:2)
  2 dart slugs (D:1)
  3 ball pythons (D:1)
  A bat (D:1)
  5 endoplasms
  A giant cockroach (D:1)
  2 hobgoblins
  A quokka (D:1)
  2 frilled lizards (D:1)
  4 goblins
  2 kobolds (D:1)
  4 rats
29 creatures vanquished.

Notes
Turn   | Place    | Note
-------+----------+-------------------------------------------
     0 | D:1      | Maxmaps the Octopode Shapeshifter began the quest for the
                  | Orb.
     0 | D:1      | Reached XP level 1. HP: 13/13 MP: 1/1
    30 | D:1      | Found a faded altar of an unknown god.
   279 | D:1      | Reached XP level 2. HP: 19/19 MP: 2/2
   808 | D:1      | Reached XP level 3. HP: 25/25 MP: 3/3
  1071 | D:2      | Reached skill level 1 in Stealth
  1110 | D:2      | Slain by a gnoll

Illustrated notes

Levels and vault maps discovered:
D:1:      nicolae_arrival_washed_ashore, layout_basic,
          hellmonk_ecumenical_altar_lost_god
D:2:      layout_loops_ring

Skill      XL: |  1  2  3 |
---------------+----------+-----
Fighting       | 2 3 |  3.0
Stealth        | 2 |  2.0
Dodging        | |  2.0
Unarmed Combat | |  3.0
Shapeshifting  | |  3.0

Action                     || total
---------------------------++-------
  Melee: Unarmed           ||    48
         Constrict         ||    14
         Tentacles         ||     9
         Punch             ||     1
   Stab: Sleeping          ||     3
 Armour: Skin              ||    13
  Dodge: Dodged            ||    31

Table legend: (Time is in decaauts)
 A = Elapsed time spent in this place.
 B = Non-inter-level travel time spent in this place.
 C = Inter-level travel time spent in this place.
 D = Time resting spent in this place.
 E = Time spent auto-exploring this place.
 F = Levels seen in this place.
 G = Mean time per level.
                   A        B        C        D        E       F      G
               +--------+--------+--------+--------+--------+-----+--------+
         Total |   1107 |   1069 |     38 |      0 |    900 |   2 |  553.5 |
       Dungeon |   1107 |   1069 |     38 |      0 |    900 |   2 |  553.5 |
               +--------+--------+--------+--------+--------+-----+--------+

Top non-repeatable levels by time:
     D:1: 978 daAuts
     D:2: 128 daAuts
